Inferno vs Mulligans
Created - December 1, 2020 at 21:08
Goals
|
| Inferno |
3 |
2 |
0 |
5 |
| Mulligans |
1 |
1 |
1 |
3 |
|
Shots
|
| Inferno |
16 |
13 |
7 |
36 |
| Mulligans |
6 |
13 |
9 |
28 |
|
1st period
1. Inferno , Tanner Pearson 14 (Philip Varone 13) at 1:49
2. Inferno , Bryan Rust 6 (Philip Varone 14, Tanner Pearson 13) at 5:51
3. Inferno , Rasmus Andersson 1 (Frank Corrado 1, Peter Cehlarik 2) at 7:39
4. Mulligans , Anton Lander 6 (Logan Shaw 8) at 14:27 (PP)
Penalties :
Sam Bennett (Rep) for Slashing (Minor) at 8:46, Philip Varone (Anc) for Roughing (Minor) at 13:07, Dalton Thrower (Rep) for Holding (Minor) at 14:49
2nd period
5. Inferno , Philip Varone 15 (Tanner Pearson 14, Bryan Rust 12) at 8:32
6. Mulligans , Robby Fabbri 4 (Joonas Donskoi 7, Dalton Thrower 2) at 10:11
7. Inferno , Barclay Goodrow 2 (Peter Cehlarik 3, Chris Brown 1) at 13:11
Penalties :
Victor Rask (Anc) for Hooking (Minor) at 10:43
3rd period
8. Mulligans , Brett Seney 4 (Jonny Brodzinski 3) at 10:45
Penalties :
Jake DeBrusk (Anc) for Elbowing (Minor) at 7:05, Philip Varone (Anc) for Cross-checking (Minor) at 14:58
Goalie Stats
Antti Raanta (Anc), 25 saves from 28 shots - (0.893), W, 3-1-0, 60:00 minutes
Calvin Pickard (Rep), 18 saves from 23 shots - (0.783), L, 5-10-0, 33:11 minutes
Juuse Saros (Rep), 13 saves from 13 shots - (1.000), 26:49 minutes
Players Stats for Inferno
Player Name G A P +/- PIM S H SB GA TA FO MP PP MP PK MP
------------------------------------------------------------------------------------
Barclay Goodrow 1 0 1 1 0 2 2 0 0 0 0/1 7:52 0:00 0:00
Bryan Rust 1 1 2 2 0 5 2 1 0 0 0/0 18:41 0:00 3:10
Chris Brown 0 1 1 1 0 1 1 0 0 0 2/4 10:25 0:00 2:13
David Savard 0 0 0 0 0 1 4 0 0 2 0/0 25:14 2:04 4:00
Esa Lindell 0 0 0 0 0 3 2 2 0 1 0/0 25:14 2:04 4:00
Evgeny Svechnikov 0 0 0 0 0 1 1 0 0 0 0/0 10:30 1:52 0:00
Frank Corrado 0 1 1 1 0 0 0 1 0 1 0/0 12:55 0:00 0:00
Greg Pateryn 0 0 0 2 0 0 3 0 1 2 0/0 21:51 1:54 3:17
Jake DeBrusk 0 0 0 0 2 2 3 0 0 1 0/0 13:59 1:52 1:24
Kevin Labanc 0 0 0 0 0 2 2 0 0 0 0/0 16:23 2:03 0:00
Mathieu Brodeur 0 0 0 2 0 1 2 0 0 0 0/0 21:51 1:54 3:17
Matthew Nieto 0 0 0 0 0 4 1 1 1 0 0/0 17:10 0:29 2:15
Peter Cehlarik 0 2 2 1 0 0 0 0 0 0 0/0 7:50 0:08 0:00
Philip Varone 1 2 3 2 4 5 1 0 0 0 14/36 20:26 0:00 1:55
Rasmus Andersson 1 0 1 1 0 1 0 0 0 0 0/0 12:55 0:00 0:00
Ryan Spooner 0 0 0 0 0 0 0 0 1 1 3/7 12:21 1:52 2:37
Tanner Pearson 1 2 3 2 0 8 1 0 2 0 0/2 20:07 1:40 0:22
Victor Rask 0 0 0 0 2 0 1 0 0 0 10/17 16:55 1:58 0:38
Players Stats for Mulligans
Player Name G A P +/- PIM S H SB GA TA FO MP PP MP PK MP
------------------------------------------------------------------------------------
Anton Lander 1 0 1 -1 0 5 3 0 1 0 21/38 23:30 3:07 1:56
Ben Hutton 0 0 0 -3 0 4 1 2 1 2 0/0 29:13 4:56 2:12
Brandon Carlo 0 0 0 -2 0 0 0 2 0 1 0/0 24:58 4:56 2:24
Brett Seney 1 0 1 0 0 3 1 0 0 0 0/0 7:09 0:00 0:00
Christian Wolanin 0 0 0 -1 0 1 0 0 0 0 0/0 8:01 2:21 0:44
Conor Garland 0 0 0 0 0 0 3 0 0 0 0/0 7:09 0:00 0:00
Dalton Thrower 0 1 1 0 2 0 0 3 0 0 0/0 15:06 0:00 0:45
Darren Dietz 0 0 0 0 0 1 0 1 2 0 0/0 18:58 2:21 1:46
Ilya Lyubushkin 0 0 0 0 0 1 0 1 0 1 0/0 12:11 0:00 0:05
Jonny Brodzinski 0 1 1 0 0 1 1 1 0 0 3/5 7:09 0:00 0:00
Joonas Donskoi 0 1 1 0 0 1 1 0 1 0 0/1 13:13 4:09 0:00
Logan Shaw 0 1 1 -1 0 2 3 1 1 0 1/1 23:23 3:01 1:52
Maxime Macenauer 0 0 0 -2 0 3 1 1 2 1 10/17 19:30 4:09 1:23
Reid Boucher 0 0 0 0 0 0 1 1 0 0 0/0 10:18 0:00 1:10
Robbie Russo 0 0 0 0 0 1 1 0 0 0 0/0 11:49 0:00 0:00
Robby Fabbri 1 0 1 0 0 2 0 0 0 0 1/3 9:23 0:08 0:00
Sam Bennett 0 0 0 -2 2 1 1 0 0 0 0/0 18:06 4:09 0:00
Sven Baertschi 0 0 0 -1 0 2 3 1 0 0 1/1 22:49 3:01 1:35
Valeri Nichushkin 0 0 0 -2 0 0 1 0 0 0 1/1 14:05 0:07 0:00
3 Stars
1 - Tanner Pearson (Anc)
2 - Bryan Rust (Anc)
3 - Philip Varone (Anc)
Power Play
Inferno - 0 on 2 Attempt(s) - 0.00%
Mulligans - 1 on 4 Attempt(s) - 25.00%
Penalty Kill
Inferno - 3 on 4 Attempt(s) - 75.00%
- Score 0 goal in Penalty Kill
Mulligans - 2 on 2 Attempt(s) - 100.00%
- Score 0 goal in Penalty Kill
Team Stat
Inferno - Hits : 26 - Faceoff Wins : 29 - Blocked Shots : 5 - Penalty Minutes : 8
Mulligans - Hits : 21 - Faceoff Wins : 38 - Blocked Shots : 14 - Penalty Minutes : 4
Official
Referees : Unknown
Linesman : Unknown
Game Notes
Juuse Saros enters game at 13:11 of 2nd period
Bryan Rust is injured at 12:00 of 3rd period (Sprained Right Ankle)
Finance
Level 1 -- Attendance: 2000 (100.00%) -- Ticket Income $38,000
Level 2 -- Attendance: 980 (98.00%) -- Ticket Income $8,820
Total Attendance: 2980 (99.33%)
Total Ticket Income: $46,820
Other Income: $2,341
Total Income: $49,161
Inferno
5 vs 5 Forward
Center Left Wing Right Wing Time % Phy DF OF
1 Philip Varone Tanner Pearson Bryan Rust 40 1 2 2
2 Victor Rask Matthew Nieto Kevin Labanc 30 1 2 2
3 Ryan Spooner Jake DeBrusk Evgeny Svechnikov 20 1 2 2
4 Chris Brown Peter Cehlarik Barclay Goodrow 10 1 2 2
5 vs 5 Defense
Defense Defense Time % Phy DF OF
1 David Savard Esa Lindell 40 1 2 2
2 Mathieu Brodeur Greg Pateryn 30 1 2 2
3 Frank Corrado Rasmus Andersson 20 1 2 2
4 Mathieu Brodeur Greg Pateryn 10 1 2 2
PowerPlay Forward
Center Left Wing Right Wing Time % Phy DF OF
1 Victor Rask Tanner Pearson Kevin Labanc 60 1 2 2
2 Ryan Spooner Jake DeBrusk Evgeny Svechnikov 40 1 2 2
PowerPlay Defense
Defense Defense Time % Phy DF OF
1 David Savard Esa Lindell 60 1 2 2
2 Mathieu Brodeur Greg Pateryn 40 1 2 2
Penalty Kill 4 Players Forward
Center Wing Time % Phy DF OF
1 Philip Varone Bryan Rust 60 1 2 2
2 Ryan Spooner Matthew Nieto 40 1 2 2
Penalty Kill 4 Players Defense
Defense Defense Time % Phy DF OF
1 David Savard Esa Lindell 60 1 2 2
2 Mathieu Brodeur Greg Pateryn 40 1 2 2
Penalty Kill - 3 Players Forward
Forward Time % Phy DF OF
1 Philip Varone 60 1 2 2
2 Bryan Rust 40 1 2 2
Penalty Kill - 3 Players Defense
Defense Defense Time % Phy DF OF
1 David Savard Esa Lindell 60 1 2 2
2 Mathieu Brodeur Greg Pateryn 40 1 2 2
4 vs 4 Forward
Center Wing Time % Phy DF OF
1 Philip Varone Tanner Pearson 60 1 2 2
2 Victor Rask Bryan Rust 40 1 2 2
4 vs 4 Defense
Defense Defense Time % Phy DF OF
1 David Savard Esa Lindell 60 1 2 2
2 Mathieu Brodeur Greg Pateryn 40 1 2 2
Last Minutes Offensive
Center Left Wing Right Wing Defense Defense
Philip Varone Tanner Pearson Bryan Rust David Savard Esa Lindell
Last Minutes Defensive
Center Left Wing Right Wing Defense Defense
Philip Varone Tanner Pearson Bryan Rust David Savard Esa Lindell
Goaltenders
Starting : Antti Raanta
Backup : Michael Hutchinson
Extra Forwards
Normal : Jake DeBrusk, Matthew Nieto, Evgeny Svechnikov - PP : Evgeny Svechnikov, Matthew Nieto - PK : Ryan Spooner
Extra Defensemen
Normal : Mathieu Brodeur, Greg Pateryn, Rasmus Andersson - PP : Greg Pateryn - PK : Mathieu Brodeur, Greg Pateryn
Penalty Shots
Tanner Pearson, Jake DeBrusk, Evgeny Svechnikov, Kevin Labanc, Victor Rask
Scratches
Tyler Shattock (Healthy), Christian Jaros (Healthy), Trevor Carrick (Healthy), Petteri Lindbohm (Healthy), Alexander True (Healthy)
Eric Karlsson (Healthy), John Gilmour (Healthy), Vladimir Sobotka (Healthy), Ryan Donato (Healthy), Vladislav Kamenev (Healthy)
Dominik Masin (Healthy), Brandon Hickey (Healthy), Nathan Lieuwen (Healthy), Vitek Vanecek (Healthy)
Mulligans
5 vs 5 Forward
Center Left Wing Right Wing Time % Phy DF OF
1 Anton Lander Sven Baertschi Logan Shaw 40 0 2 3
2 Maxime Macenauer Sam Bennett Valeri Nichushkin 30 0 2 3
3 Robby Fabbri Reid Boucher Joonas Donskoi 20 0 2 3
4 Jonny Brodzinski Brett Seney Conor Garland 10 1 2 2
5 vs 5 Defense
Defense Defense Time % Phy DF OF
1 Ben Hutton Brandon Carlo 40 1 3 1
2 Darren Dietz Dalton Thrower 30 1 3 1
3 Ilya Lyubushkin Robbie Russo 20 1 3 1
4 Christian Wolanin Ben Hutton 10 1 2 2
PowerPlay Forward
Center Left Wing Right Wing Time % Phy DF OF
1 Anton Lander Sven Baertschi Logan Shaw 60 0 1 4
2 Maxime Macenauer Sam Bennett Joonas Donskoi 40 0 1 4
PowerPlay Defense
Defense Defense Time % Phy DF OF
1 Ben Hutton Brandon Carlo 60 0 2 3
2 Darren Dietz Christian Wolanin 40 0 2 3
Penalty Kill 4 Players Forward
Center Wing Time % Phy DF OF
1 Anton Lander Logan Shaw 60 1 2 2
2 Maxime Macenauer Sven Baertschi 40 1 2 2
Penalty Kill 4 Players Defense
Defense Defense Time % Phy DF OF
1 Ben Hutton Brandon Carlo 60 1 2 2
2 Darren Dietz Dalton Thrower 40 1 2 2
Penalty Kill - 3 Players Forward
Forward Time % Phy DF OF
1 Anton Lander 60 1 2 2
2 Logan Shaw 40 1 2 2
Penalty Kill - 3 Players Defense
Defense Defense Time % Phy DF OF
1 Ben Hutton Brandon Carlo 60 1 2 2
2 Darren Dietz Dalton Thrower 40 1 2 2
4 vs 4 Forward
Center Wing Time % Phy DF OF
1 Anton Lander Logan Shaw 60 1 2 2
2 Maxime Macenauer Sven Baertschi 40 1 2 2
4 vs 4 Defense
Defense Defense Time % Phy DF OF
1 Ben Hutton Brandon Carlo 60 1 2 2
2 Darren Dietz Dalton Thrower 40 1 2 2
Last Minutes Offensive
Center Left Wing Right Wing Defense Defense
Anton Lander Sven Baertschi Logan Shaw Ben Hutton Brandon Carlo
Last Minutes Defensive
Center Left Wing Right Wing Defense Defense
Anton Lander Sven Baertschi Logan Shaw Ben Hutton Brandon Carlo
Goaltenders
Starting : Calvin Pickard
Backup : Juuse Saros
Extra Forwards
Normal : Robby Fabbri, Valeri Nichushkin, Reid Boucher - PP : Robby Fabbri, Valeri Nichushkin - PK : Reid Boucher
Extra Defensemen
Normal : Ilya Lyubushkin, Brandon Carlo, Christian Wolanin - PP : Ilya Lyubushkin - PK : Ben Hutton, Christian Wolanin
Penalty Shots
Anton Lander, Logan Shaw, Maxime Macenauer, Sven Baertschi, Joonas Donskoi
Scratches
Cristiano Digiacinto (Healthy)
% Time on Ice - Inferno
Lines # - Real PCT - Wanted PCT - Time Play
Normal Forward
1 - 39% - 40% - 19:09
2 - 30% - 30% - 14:44
3 - 15% - 20% - 7:24
4 - 15% - 10% - 7:28
Normal Defense
1 - 39% - 40% - 19:10
2 - 28% - 30% - 13:50
3 - 26% - 20% - 12:55
4 - 6% - 10% - 2:50
PP Forward
1 - 53% - 60% - 2:06
2 - 47% - 40% - 1:52
PP Defense
1 - 52% - 60% - 2:04
2 - 48% - 40% - 1:54
PK Forward
1 - 88% - 60% - 6:25
2 - 12% - 40% - 0:52
PK Defense
1 - 55% - 60% - 4:00
2 - 45% - 40% - 3:17
PK3 Forward
1 - 0% - 60%
2 - 0% - 40%
PK3 Defense
1 - 0% - 60%
2 - 0% - 40%
44 Forward
1 - 0% - 60%
2 - 0% - 40%
44 Defense
1 - 0% - 60%
2 - 0% - 40%
Last Minute Offensive - 0:00
Last Minute Defensive - 0:00
Total
Forward - 60:00
Defense - 60:00
|
% Time on Ice - Mulligans
Lines # - Real PCT - Wanted PCT - Time Play
Normal Forward
1 - 38% - 40% - 18:38
2 - 29% - 30% - 13:54
3 - 19% - 20% - 9:04
4 - 15% - 10% - 7:09
Normal Defense
1 - 37% - 40% - 17:55
2 - 30% - 30% - 14:51
3 - 24% - 20% - 11:49
4 - 9% - 10% - 4:10
PP Forward
1 - 43% - 60% - 3:08
2 - 57% - 40% - 4:09
PP Defense
1 - 68% - 60% - 4:56
2 - 32% - 40% - 2:21
PK Forward
1 - 77% - 60% - 3:03
2 - 23% - 40% - 0:55
PK Defense
1 - 55% - 60% - 2:12
2 - 45% - 40% - 1:46
PK3 Forward
1 - 0% - 60%
2 - 0% - 40%
PK3 Defense
1 - 0% - 60%
2 - 0% - 40%
44 Forward
1 - 0% - 60%
2 - 0% - 40%
44 Defense
1 - 0% - 60%
2 - 0% - 40%
Last Minute Offensive - 0:00
Last Minute Defensive - 0:00
Total
Forward - 60:00
Defense - 60:00
|
Play-by-Play
1st period
0:01 of 1st period - Anton Lander wins face-off versus Philip Varone in neutral zone.
0:20 of 1st period - Anton Lander is hit by Bryan Rust and loses puck.
0:33 of 1st period - Slapshot by Maxime Macenauer.
0:33 of 1st period - Stopped by Antti Raanta with a rebound.
0:51 of 1st period - Jake DeBrusk is hit by Conor Garland and loses puck.
1:23 of 1st period - Icing by David Savard.
1:24 of 1st period - Anton Lander wins face-off versus Chris Brown in Inferno zone.
1:45 of 1st period - Wrist shot by Barclay Goodrow.
1:45 of 1st period - Shot Misses the Net.
1:47 of 1st period - Slapshot by Esa Lindell.
1:47 of 1st period - Stopped by Calvin Pickard without a rebound.
1:48 of 1st period - Philip Varone wins face-off versus Maxime Macenauer in Mulligans zone.
1:49 of 1st period - Snap shot by Tanner Pearson.
1:49 of 1st period - Goal by Tanner Pearson - Inferno : 1 - Mulligans : 0.
1:50 of 1st period - Maxime Macenauer wins face-off versus Philip Varone in neutral zone.
1:53 of 1st period - Slapshot by Christian Wolanin.
1:53 of 1st period - Stopped by Antti Raanta with a rebound.
2:03 of 1st period - Off-side.
2:04 of 1st period - Victor Rask wins face-off versus Robby Fabbri in neutral zone.
3:58 of 1st period - Maxime Macenauer is hit by Chris Brown and loses puck.
4:12 of 1st period - Off-side.
4:13 of 1st period - Logan Shaw wins face-off versus Victor Rask in neutral zone.
4:22 of 1st period - Wrist shot by Sven Baertschi.
4:22 of 1st period - Shot Misses the Net.
4:24 of 1st period - Snap shot by Robbie Russo.
4:24 of 1st period - Shot Misses the Net.
4:26 of 1st period - Snap shot by Anton Lander.
4:26 of 1st period - Stopped by Antti Raanta with a rebound.
4:28 of 1st period - Wrist shot by Robbie Russo.
4:28 of 1st period - Stopped by Antti Raanta without a rebound.
4:29 of 1st period - Maxime Macenauer wins face-off versus Philip Varone in Inferno zone.
4:54 of 1st period - Sven Baertschi is hit by Evgeny Svechnikov.
5:14 of 1st period - Wrist shot by Matthew Nieto.
5:14 of 1st period - Stopped by Calvin Pickard without a rebound.
5:15 of 1st period - Victor Rask wins face-off versus Joonas Donskoi in Mulligans zone.
5:30 of 1st period - Wrist shot by Reid Boucher.
5:30 of 1st period - Shot Hit the Post.
5:49 of 1st period - Backhand shot by Philip Varone.
5:49 of 1st period - Stopped by Calvin Pickard with a rebound.
5:51 of 1st period - Snap shot by Bryan Rust.
5:51 of 1st period - Goal by Bryan Rust - Inferno : 2 - Mulligans : 0.
5:52 of 1st period - Maxime Macenauer wins face-off versus Philip Varone in neutral zone.
6:02 of 1st period - Wrist shot by Mathieu Brodeur.
6:02 of 1st period - Deflect By Bryan Rust.
6:02 of 1st period - Stopped by Calvin Pickard with a rebound.
6:04 of 1st period - Slapshot by Mathieu Brodeur.
6:04 of 1st period - Shot Blocked by Maxime Macenauer.
6:06 of 1st period - Snap shot by Bryan Rust.
6:06 of 1st period - Stopped by Calvin Pickard with a rebound.
6:08 of 1st period - Backhand shot by Greg Pateryn.
6:08 of 1st period - Deflect By Tanner Pearson.
6:08 of 1st period - Stopped by Calvin Pickard with a rebound.
6:29 of 1st period - Slapshot by Logan Shaw.
6:29 of 1st period - Shot Misses the Net.
6:43 of 1st period - Slapshot by Matthew Nieto.
6:43 of 1st period - Stopped by Calvin Pickard with a rebound.
7:07 of 1st period - Barclay Goodrow is hit by Reid Boucher and loses puck.
7:35 of 1st period - Snap shot by Peter Cehlarik.
7:35 of 1st period - Shot Blocked by Reid Boucher.
7:37 of 1st period - Slapshot by Frank Corrado.
7:37 of 1st period - Shot Blocked by Ben Hutton.
7:39 of 1st period - Slapshot by Rasmus Andersson.
7:39 of 1st period - Goal by Rasmus Andersson - Inferno : 3 - Mulligans : 0.
7:40 of 1st period - Philip Varone wins face-off versus Anton Lander in neutral zone.
8:05 of 1st period - Greg Pateryn is hit by Robbie Russo and loses puck.
8:18 of 1st period - Wrist shot by Tanner Pearson.
8:18 of 1st period - Stopped by Calvin Pickard with a rebound.
8:20 of 1st period - Slapshot by Philip Varone.
8:20 of 1st period - Shot Misses the Net.
8:22 of 1st period - Snap shot by Tanner Pearson.
8:22 of 1st period - Shot Blocked by Jonny Brodzinski.
8:24 of 1st period - Wrist shot by Philip Varone.
8:24 of 1st period - Shot Misses the Net.
8:36 of 1st period - Snap shot by Tanner Pearson.
8:36 of 1st period - Shot Misses the Net.
8:38 of 1st period - Wrist shot by Bryan Rust.
8:38 of 1st period - Shot Misses the Net.
8:40 of 1st period - Snap shot by Philip Varone.
8:40 of 1st period - Shot Blocked by Ilya Lyubushkin.
8:42 of 1st period - Wrist shot by Bryan Rust.
8:42 of 1st period - Stopped by Calvin Pickard without a rebound.
8:43 of 1st period - Valeri Nichushkin wins face-off versus Victor Rask in Mulligans zone.
8:43 of 1st period - Valeri Nichushkin is hit by Greg Pateryn.
8:46 of 1st period - Minor Penalty to Sam Bennett for Slashing.
8:47 of 1st period - Anton Lander wins face-off versus Ryan Spooner in Mulligans zone.
8:47 of 1st period - Anton Lander is hit by Jake DeBrusk.
10:02 of 1st period - David Savard is hit by Sven Baertschi and loses puck.
10:46 of 1st period - Penalty to Sam Bennett is over, Sam Bennett is back on ice.
10:55 of 1st period - Conor Garland is hit by Esa Lindell and loses puck.
12:01 of 1st period - Snap shot by Sven Baertschi.
12:01 of 1st period - Shot Misses the Net.
12:03 of 1st period - Slapshot by Dalton Thrower.
12:03 of 1st period - Shot Misses the Net.
12:05 of 1st period - Snap shot by Anton Lander.
12:05 of 1st period - Deflect By Sven Baertschi.
12:05 of 1st period - Shot Blocked by Frank Corrado.
12:05 of 1st period - Puck is out of play.
12:06 of 1st period - Ryan Spooner wins face-off versus Anton Lander in Inferno zone.
12:11 of 1st period - Snap shot by Evgeny Svechnikov.
12:11 of 1st period - Stopped by Calvin Pickard with a rebound.
12:51 of 1st period - Snap shot by Bryan Rust.
12:51 of 1st period - Shot Misses the Net.
12:53 of 1st period - Snap shot by Bryan Rust.
12:53 of 1st period - Stopped by Calvin Pickard without a rebound.
12:54 of 1st period - Anton Lander wins face-off versus Philip Varone in Mulligans zone.
12:54 of 1st period - Anton Lander is hit by Philip Varone.
13:07 of 1st period - Minor Penalty to Philip Varone for Roughing.
13:08 of 1st period - Ryan Spooner wins face-off versus Anton Lander in Inferno zone.
13:08 of 1st period - Ryan Spooner is hit by Logan Shaw.
13:19 of 1st period - David Savard is hit by Anton Lander and loses puck.
14:23 of 1st period - Wrist shot by Joonas Donskoi.
14:23 of 1st period - Stopped by Antti Raanta without a rebound.
14:24 of 1st period - Anton Lander wins face-off versus Victor Rask in Inferno zone.
14:27 of 1st period - Wrist shot by Anton Lander.
14:27 of 1st period - Goal by Anton Lander - Inferno : 3 - Mulligans : 1.
14:28 of 1st period - Anton Lander wins face-off versus Victor Rask in neutral zone.
14:33 of 1st period - Esa Lindell is hit by Sven Baertschi.
14:49 of 1st period - Minor Penalty to Dalton Thrower for Holding.
14:50 of 1st period - Victor Rask wins face-off versus Anton Lander in Mulligans zone.
15:15 of 1st period - Anton Lander is hit by Jake DeBrusk and loses puck.
16:49 of 1st period - Penalty to Dalton Thrower is over, Dalton Thrower is back on ice.
17:09 of 1st period - Philip Varone is hit by Brett Seney and loses puck.
18:06 of 1st period - Peter Cehlarik is hit by Conor Garland and loses puck.
18:17 of 1st period - Chris Brown is hit by Valeri Nichushkin and loses puck.
18:30 of 1st period - Bryan Rust is hit by Joonas Donskoi and loses puck.
18:53 of 1st period - Icing by Logan Shaw.
18:54 of 1st period - Ryan Spooner wins face-off versus Jonny Brodzinski in Mulligans zone.
18:55 of 1st period - Slapshot by Jake DeBrusk.
18:55 of 1st period - Stopped by Calvin Pickard without a rebound.
18:56 of 1st period - Jonny Brodzinski wins face-off versus Ryan Spooner in Mulligans zone.
19:07 of 1st period - Snap shot by Jake DeBrusk.
19:07 of 1st period - Shot Blocked by Dalton Thrower.
19:13 of 1st period - Esa Lindell is hit by Jonny Brodzinski and loses puck.
19:36 of 1st period - Wrist shot by Tanner Pearson.
19:36 of 1st period - Stopped by Calvin Pickard with a rebound.
19:50 of 1st period - Slapshot by Maxime Macenauer.
19:50 of 1st period - Deflect By Sam Bennett.
19:50 of 1st period - Deflect By Kevin Labanc.
19:50 of 1st period - Shot Misses the Net.
19:50 of 1st period - Puck is out of play.
19:51 of 1st period - Victor Rask wins face-off versus Maxime Macenauer in Inferno zone.
19:56 of 1st period - Valeri Nichushkin is hit by Kevin Labanc and loses puck.
Goals for this period are 3 for Inferno vs 1 for Mulligans.
Shots for this period are 16 for Inferno vs 6 for Mulligans.
2nd period
0:01 of 2nd period - Philip Varone wins face-off versus Anton Lander in neutral zone.
0:06 of 2nd period - Slapshot by Bryan Rust.
0:06 of 2nd period - Shot Misses the Net.
0:14 of 2nd period - Snap shot by Bryan Rust.
0:14 of 2nd period - Deflect By Tanner Pearson.
0:14 of 2nd period - Shot Misses the Net.
0:14 of 2nd period - Puck is out of play.
0:15 of 2nd period - Victor Rask wins face-off versus Maxime Macenauer in Mulligans zone.
0:40 of 2nd period - Tanner Pearson is hit by Logan Shaw and loses puck.
0:49 of 2nd period - Slapshot by Logan Shaw.
0:49 of 2nd period - Shot Misses the Net.
1:07 of 2nd period - Wrist shot by Ryan Spooner.
1:07 of 2nd period - Shot Blocked by Brandon Carlo.
1:09 of 2nd period - Slapshot by Evgeny Svechnikov.
1:09 of 2nd period - Shot Misses the Net.
1:11 of 2nd period - Wrist shot by Jake DeBrusk.
1:11 of 2nd period - Stopped by Calvin Pickard without a rebound.
1:12 of 2nd period - Maxime Macenauer wins face-off versus Victor Rask in Mulligans zone.
2:04 of 2nd period - Snap shot by Joonas Donskoi.
2:04 of 2nd period - Shot Misses the Net.
2:43 of 2nd period - Wrist shot by Barclay Goodrow.
2:43 of 2nd period - Stopped by Calvin Pickard with a rebound.
3:43 of 2nd period - Tanner Pearson is hit by Ben Hutton.
4:48 of 2nd period - Logan Shaw is hit by Tanner Pearson.
4:59 of 2nd period - Slapshot by Anton Lander.
4:59 of 2nd period - Shot Misses the Net.
5:01 of 2nd period - Snap shot by Sven Baertschi.
5:01 of 2nd period - Stopped by Antti Raanta with a rebound.
5:03 of 2nd period - Snap shot by Anton Lander.
5:03 of 2nd period - Stopped by Antti Raanta with a rebound.
5:05 of 2nd period - Slapshot by Ben Hutton.
5:05 of 2nd period - Stopped by Antti Raanta with a rebound.
5:07 of 2nd period - Wrist shot by Anton Lander.
5:07 of 2nd period - Stopped by Antti Raanta without a rebound.
5:08 of 2nd period - Maxime Macenauer wins face-off versus Ryan Spooner in Inferno zone.
5:23 of 2nd period - Sam Bennett is hit by David Savard.
6:17 of 2nd period - Icing by Dalton Thrower.
6:18 of 2nd period - Maxime Macenauer wins face-off versus Barclay Goodrow in Mulligans zone.
6:18 of 2nd period - Maxime Macenauer is hit by Mathieu Brodeur.
6:44 of 2nd period - Dalton Thrower is hit by Greg Pateryn and loses puck.
6:52 of 2nd period - Icing by Dalton Thrower.
6:53 of 2nd period - Victor Rask wins face-off versus Anton Lander in Mulligans zone.
7:02 of 2nd period - Slapshot by Matthew Nieto.
7:02 of 2nd period - Stopped by Calvin Pickard with a rebound.
7:29 of 2nd period - Off-side.
7:30 of 2nd period - Philip Varone wins face-off versus Maxime Macenauer in neutral zone.
7:33 of 2nd period - Wrist shot by Esa Lindell.
7:33 of 2nd period - Stopped by Calvin Pickard without a rebound.
7:34 of 2nd period - Maxime Macenauer wins face-off versus Philip Varone in Mulligans zone.
7:34 of 2nd period - Maxime Macenauer is hit by David Savard.
7:57 of 2nd period - Icing by Bryan Rust.
7:58 of 2nd period - Victor Rask wins face-off versus Anton Lander in Inferno zone.
8:30 of 2nd period - Wrist shot by Tanner Pearson.
8:30 of 2nd period - Shot Misses the Net.
8:32 of 2nd period - Snap shot by Philip Varone.
8:32 of 2nd period - Goal by Philip Varone - Inferno : 4 - Mulligans : 1.
8:33 of 2nd period - Anton Lander wins face-off versus Philip Varone in neutral zone.
8:42 of 2nd period - Wrist shot by Tanner Pearson.
8:42 of 2nd period - Shot Misses the Net.
9:00 of 2nd period - Ben Hutton is hit by Jake DeBrusk and loses puck.
9:11 of 2nd period - Esa Lindell is hit by Anton Lander and loses puck.
9:47 of 2nd period - Off-side.
9:48 of 2nd period - Chris Brown wins face-off versus Robby Fabbri in neutral zone.
10:11 of 2nd period - Snap shot by Robby Fabbri.
10:11 of 2nd period - Goal by Robby Fabbri - Inferno : 4 - Mulligans : 2.
10:12 of 2nd period - Philip Varone wins face-off versus Anton Lander in neutral zone.
10:43 of 2nd period - Minor Penalty to Victor Rask for Hooking.
10:44 of 2nd period - Anton Lander wins face-off versus Philip Varone in Inferno zone.
10:44 of 2nd period - Wrist shot by Logan Shaw.
10:44 of 2nd period - Stopped by Antti Raanta with a rebound.
10:46 of 2nd period - Wrist shot by Sven Baertschi.
10:46 of 2nd period - Shot Hit the Post.
10:58 of 2nd period - Snap shot by Logan Shaw.
10:58 of 2nd period - Shot Blocked by Esa Lindell.
11:38 of 2nd period - Slapshot by Ben Hutton.
11:38 of 2nd period - Stopped by Antti Raanta with a rebound.
11:40 of 2nd period - Wrist shot by Maxime Macenauer.
11:40 of 2nd period - Shot Blocked by Matthew Nieto.
12:06 of 2nd period - Snap shot by Maxime Macenauer.
12:06 of 2nd period - Stopped by Antti Raanta with a rebound.
12:34 of 2nd period - Wrist shot by Joonas Donskoi.
12:34 of 2nd period - Shot Misses the Net.
12:36 of 2nd period - Wrist shot by Sam Bennett.
12:36 of 2nd period - Stopped by Antti Raanta without a rebound.
12:37 of 2nd period - Philip Varone wins face-off versus Anton Lander in Inferno zone.
12:43 of 2nd period - Penalty to Victor Rask is over, Victor Rask is back on ice.
12:56 of 2nd period - Esa Lindell is hit by Anton Lander and loses puck.
13:03 of 2nd period - Wrist shot by Philip Varone.
13:03 of 2nd period - Shot Misses the Net.
13:05 of 2nd period - Wrist shot by Victor Rask.
13:05 of 2nd period - Shot Blocked by Darren Dietz.
13:07 of 2nd period - Snap shot by Esa Lindell.
13:07 of 2nd period - Stopped by Calvin Pickard without a rebound.
13:08 of 2nd period - Chris Brown wins face-off versus Jonny Brodzinski in Mulligans zone.
13:11 of 2nd period - Wrist shot by Barclay Goodrow.
13:11 of 2nd period - Goal by Barclay Goodrow - Inferno : 5 - Mulligans : 2.
13:11 of 2nd period - Juuse Saros enters game.
13:12 of 2nd period - Philip Varone wins face-off versus Anton Lander in neutral zone.
13:17 of 2nd period - Slapshot by David Savard.
13:17 of 2nd period - Stopped by Juuse Saros without a rebound.
13:18 of 2nd period - Anton Lander wins face-off versus Philip Varone in Mulligans zone.
13:29 of 2nd period - Slapshot by Logan Shaw.
13:29 of 2nd period - Stopped by Antti Raanta with a rebound.
13:31 of 2nd period - Wrist shot by Anton Lander.
13:31 of 2nd period - Stopped by Antti Raanta without a rebound.
13:32 of 2nd period - Maxime Macenauer wins face-off versus Victor Rask in Inferno zone.
13:47 of 2nd period - Snap shot by Matthew Nieto.
13:47 of 2nd period - Shot Hit the Post.
14:22 of 2nd period - Ilya Lyubushkin is hit by Esa Lindell and loses puck.
14:45 of 2nd period - Slapshot by Matthew Nieto.
14:45 of 2nd period - Stopped by Juuse Saros with a rebound.
14:47 of 2nd period - Wrist shot by Kevin Labanc.
14:47 of 2nd period - Deflect By Brett Seney.
14:47 of 2nd period - Shot Misses the Net.
14:47 of 2nd period - Puck is out of play.
14:48 of 2nd period - Philip Varone wins face-off versus Anton Lander in Mulligans zone.
14:53 of 2nd period - Snap shot by Tanner Pearson.
14:53 of 2nd period - Stopped by Juuse Saros without a rebound.
14:54 of 2nd period - Sven Baertschi wins face-off versus Philip Varone in Mulligans zone.
15:09 of 2nd period - Wrist shot by Tanner Pearson.
15:09 of 2nd period - Shot Misses the Net.
15:11 of 2nd period - Snap shot by Philip Varone.
15:11 of 2nd period - Stopped by Juuse Saros without a rebound.
15:12 of 2nd period - Victor Rask wins face-off versus Maxime Macenauer in Mulligans zone.
15:41 of 2nd period - Bryan Rust is hit by Sven Baertschi and loses puck.
16:10 of 2nd period - Snap shot by Robby Fabbri.
16:10 of 2nd period - Stopped by Antti Raanta with a rebound.
16:22 of 2nd period - Conor Garland is hit by Mathieu Brodeur and loses puck.
16:31 of 2nd period - Slapshot by Ben Hutton.
16:31 of 2nd period - Deflect By Brett Seney.
16:31 of 2nd period - Stopped by Antti Raanta without a rebound.
16:32 of 2nd period - Philip Varone wins face-off versus Anton Lander in Inferno zone.
17:32 of 2nd period - Off-side.
17:33 of 2nd period - Anton Lander wins face-off versus Tanner Pearson in neutral zone.
17:46 of 2nd period - Backhand shot by Anton Lander.
17:46 of 2nd period - Shot Misses the Net.
17:48 of 2nd period - Wrist shot by Logan Shaw.
17:48 of 2nd period - Shot Misses the Net.
17:58 of 2nd period - Brandon Carlo is hit by Victor Rask and loses puck.
19:14 of 2nd period - Icing by Tanner Pearson.
19:15 of 2nd period - Philip Varone wins face-off versus Maxime Macenauer in Inferno zone.
19:15 of 2nd period - Philip Varone is hit by Maxime Macenauer.
19:23 of 2nd period - Snap shot by Tanner Pearson.
19:23 of 2nd period - Stopped by Juuse Saros with a rebound.
19:27 of 2nd period - Wrist shot by Bryan Rust.
19:27 of 2nd period - Deflect By Philip Varone.
19:27 of 2nd period - Stopped by Juuse Saros without a rebound.
19:28 of 2nd period - Victor Rask wins face-off versus Anton Lander in Mulligans zone.
19:55 of 2nd period - Valeri Nichushkin is hit by Bryan Rust and loses puck.
Goals for this period are 2 for Inferno vs 1 for Mulligans.
Shots for this period are 13 for Inferno vs 13 for Mulligans.
3rd period
0:01 of 3rd period - Philip Varone wins face-off versus Anton Lander in neutral zone.
0:26 of 3rd period - Sam Bennett is hit by Matthew Nieto and loses puck.
1:09 of 3rd period - Mathieu Brodeur is hit by Conor Garland and loses puck.
1:14 of 3rd period - Snap shot by Brett Seney.
1:14 of 3rd period - Shot Misses the Net.
1:16 of 3rd period - Slapshot by Ilya Lyubushkin.
1:16 of 3rd period - Stopped by Antti Raanta without a rebound.
1:17 of 3rd period - Anton Lander wins face-off versus Philip Varone in Inferno zone.
2:08 of 3rd period - Sam Bennett is hit by David Savard and loses puck.
4:16 of 3rd period - Slapshot by Ben Hutton.
4:16 of 3rd period - Stopped by Antti Raanta without a rebound.
4:17 of 3rd period - Philip Varone wins face-off versus Anton Lander in Inferno zone.
4:17 of 3rd period - Philip Varone is hit by Logan Shaw.
4:42 of 3rd period - Maxime Macenauer is hit by Kevin Labanc and loses puck.
5:10 of 3rd period - Off-side.
5:11 of 3rd period - Anton Lander wins face-off versus Philip Varone in neutral zone.
5:41 of 3rd period - Off-side.
5:42 of 3rd period - Maxime Macenauer wins face-off versus Victor Rask in neutral zone.
6:00 of 3rd period - Snap shot by Kevin Labanc.
6:00 of 3rd period - Stopped by Juuse Saros without a rebound.
6:01 of 3rd period - Anton Lander wins face-off versus Philip Varone in Mulligans zone.
6:01 of 3rd period - Anton Lander is hit by Greg Pateryn.
6:58 of 3rd period - Snap shot by Maxime Macenauer.
6:58 of 3rd period - Stopped by Antti Raanta with a rebound.
7:05 of 3rd period - Minor Penalty to Jake DeBrusk for Elbowing.
7:06 of 3rd period - Anton Lander wins face-off versus Philip Varone in Inferno zone.
7:18 of 3rd period - Snap shot by Anton Lander.
7:18 of 3rd period - Shot Misses the Net.
7:20 of 3rd period - Wrist shot by Sven Baertschi.
7:20 of 3rd period - Stopped by Antti Raanta without a rebound.
7:21 of 3rd period - Anton Lander wins face-off versus Philip Varone in Inferno zone.
9:05 of 3rd period - Penalty to Jake DeBrusk is over, Jake DeBrusk is back on ice.
9:18 of 3rd period - Slapshot by Darren Dietz.
9:18 of 3rd period - Stopped by Antti Raanta with a rebound.
9:59 of 3rd period - Reid Boucher is hit by Barclay Goodrow and loses puck.
10:43 of 3rd period - Icing by Greg Pateryn.
10:44 of 3rd period - Jonny Brodzinski wins face-off versus Philip Varone in Inferno zone.
10:45 of 3rd period - Snap shot by Brett Seney.
10:45 of 3rd period - Goal by Brett Seney - Inferno : 5 - Mulligans : 3.
10:46 of 3rd period - Philip Varone wins face-off versus Anton Lander in neutral zone.
10:49 of 3rd period - Wrist shot by Bryan Rust.
10:49 of 3rd period - Deflect By Tanner Pearson.
10:49 of 3rd period - Shot Blocked by Brandon Carlo.
10:49 of 3rd period - Puck is out of play.
10:50 of 3rd period - Anton Lander wins face-off versus Tanner Pearson in Mulligans zone.
10:55 of 3rd period - Slapshot by Tanner Pearson.
10:55 of 3rd period - Stopped by Juuse Saros with a rebound.
10:57 of 3rd period - Wrist shot by Bryan Rust.
10:57 of 3rd period - Shot Blocked by Sven Baertschi.
10:59 of 3rd period - Wrist shot by Philip Varone.
10:59 of 3rd period - Stopped by Juuse Saros with a rebound.
11:05 of 3rd period - Slapshot by Tanner Pearson.
11:05 of 3rd period - Shot Blocked by Ben Hutton.
11:07 of 3rd period - Slapshot by Tanner Pearson.
11:07 of 3rd period - Shot Misses the Net.
11:17 of 3rd period - Slapshot by Ben Hutton.
11:17 of 3rd period - Stopped by Antti Raanta without a rebound.
11:18 of 3rd period - Victor Rask wins face-off versus Maxime Macenauer in Inferno zone.
11:29 of 3rd period - Wrist shot by Matthew Nieto.
11:29 of 3rd period - Shot Misses the Net.
11:52 of 3rd period - Snap shot by Logan Shaw.
11:52 of 3rd period - Deflect By Sven Baertschi.
11:52 of 3rd period - Shot Blocked by Esa Lindell.
11:52 of 3rd period - Puck is out of play.
11:53 of 3rd period - Anton Lander wins face-off versus Philip Varone in Inferno zone.
12:00 of 3rd period - Snap shot by Anton Lander.
12:00 of 3rd period - Shot Blocked by Bryan Rust.
12:00 of 3rd period - Bryan Rust from Inferno is injured at 12:00 of 3rd period (Sprained Right Ankle).
12:01 of 3rd period - Anton Lander wins face-off versus Philip Varone in Inferno zone.
12:50 of 3rd period - Robby Fabbri is hit by Barclay Goodrow and loses puck.
12:55 of 3rd period - Snap shot by Barclay Goodrow.
12:55 of 3rd period - Deflect By Chris Brown.
12:55 of 3rd period - Stopped by Juuse Saros without a rebound.
12:56 of 3rd period - Anton Lander wins face-off versus Philip Varone in Mulligans zone.
13:11 of 3rd period - Wrist shot by Rasmus Andersson.
13:11 of 3rd period - Shot Blocked by Dalton Thrower.
13:30 of 3rd period - Wrist shot by Kevin Labanc.
13:30 of 3rd period - Stopped by Juuse Saros without a rebound.
13:31 of 3rd period - Philip Varone wins face-off versus Anton Lander in Mulligans zone.
13:38 of 3rd period - Robbie Russo is hit by David Savard and loses puck.
14:04 of 3rd period - Wrist shot by Ilya Lyubushkin.
14:04 of 3rd period - Shot Misses the Net.
14:06 of 3rd period - Backhand shot by Valeri Nichushkin.
14:06 of 3rd period - Shot Misses the Net.
14:08 of 3rd period - Slapshot by Ilya Lyubushkin.
14:08 of 3rd period - Deflect By Maxime Macenauer.
14:08 of 3rd period - Shot Hit the Post.
14:08 of 3rd period - Puck is out of play.
14:09 of 3rd period - Robby Fabbri wins face-off versus Philip Varone in Inferno zone.
14:27 of 3rd period - Icing by Jake DeBrusk.
14:28 of 3rd period - Anton Lander wins face-off versus Philip Varone in Inferno zone.
14:35 of 3rd period - Wrist shot by Tanner Pearson.
14:35 of 3rd period - Shot Blocked by Logan Shaw.
14:37 of 3rd period - Slapshot by Mathieu Brodeur.
14:37 of 3rd period - Stopped by Juuse Saros with a rebound.
14:39 of 3rd period - Wrist shot by Tanner Pearson.
14:39 of 3rd period - Shot Blocked by Dalton Thrower.
14:41 of 3rd period - Wrist shot by Jake DeBrusk.
14:41 of 3rd period - Shot Misses the Net.
14:43 of 3rd period - Slapshot by Mathieu Brodeur.
14:43 of 3rd period - Shot Misses the Net.
14:58 of 3rd period - Minor Penalty to Philip Varone for Cross-checking.
14:59 of 3rd period - Maxime Macenauer wins face-off versus Ryan Spooner in Inferno zone.
16:18 of 3rd period - Matthew Nieto is hit by Sam Bennett and loses puck.
16:58 of 3rd period - Penalty to Philip Varone is over, Philip Varone is back on ice.
17:16 of 3rd period - Backhand shot by Brett Seney.
17:16 of 3rd period - Stopped by Antti Raanta without a rebound.
17:17 of 3rd period - Jonny Brodzinski wins face-off versus Philip Varone in Inferno zone.
17:31 of 3rd period - Snap shot by Jonny Brodzinski.
17:31 of 3rd period - Stopped by Antti Raanta with a rebound.
18:01 of 3rd period - Wrist shot by Tanner Pearson.
18:01 of 3rd period - Stopped by Juuse Saros with a rebound.
18:19 of 3rd period - Wrist shot by Kevin Labanc.
18:19 of 3rd period - Shot Misses the Net.
19:18 of 3rd period - Snap shot by Joonas Donskoi.
19:18 of 3rd period - Shot Misses the Net.
19:47 of 3rd period - Icing by Jake DeBrusk.
19:48 of 3rd period - Anton Lander wins face-off versus Chris Brown in Inferno zone.
Goals for this period are 0 for Inferno vs 1 for Mulligans.
Shots for this period are 7 for Inferno vs 9 for Mulligans.